 Dungeon Crawl Stone Soup version 0.14-a0-882-gdff4d47 (webtiles) character file.

1757 Bloax the Cleaver (level 9, 0/57 HPs)
             Began as a Formicid Berserker on Nov 17, 2013.
             Was an Elder of Trog.
             Slain by a killer bee (8 damage)
             ... on Level 7 of the Dungeon.
             The game lasted 00:14:45 (2383 turns).

Bloax the Cleaver (Formicid Berserker)              Turns: 2383, Time: 00:14:45

HP   0/57        AC  9     Str 37      XL: 9   Next: 42%
MP   8/8         EV 10     Int  6      God: Trog [****..]
Gold 115         SH  0     Dex 10      Spells:  0 memorised,  8 levels left

Res.Fire  : . . .   See Invis. : +   a - +1,+0 hand axe
Res.Cold  : . . .   Warding    : .   f - +2 ring mail
Life Prot.: . . .   Conserve   : .   (no shield)
Res.Poison: x       Res.Corr.  : .   (helmet unavailable)
Res.Elec. : .       Clarity    : .   l - -1 elf cloak
Sust.Abil.: . .     Spirit.Shd : .   (no gloves)
Res.Mut.  : .       Stasis     : +   (no boots)
Res.Rott. : .       Flight     : .   (no amulet)
Saprovore : . . .                    o - +6 ring of strength
                                     g - +5 ring of strength

@: regenerating, mildly poisoned, very resistant to hostile enchantments, very
unstealthy
A: permanent stasis, dig shafts and tunnels, four strong arms, poison weakness,
antennae 3, exoskeleton 1
a: Dig, Shaft Self, Burn Spellbooks, Berserk, Trog's Hand, Brothers in Arms,
Renounce Religion


You were on level 7 of the Dungeon.
You worshipped Trog.
Trog was greatly pleased with you.
You were not hungry.

You visited 1 branch of the dungeon, and saw 6 of its levels.

You collected 115 gold pieces.


Innate Abilities, Weirdness & Mutations

Your are under a permanent stasis effect.
You can dig through walls and to a lower floor.
Your four strong arms can wield any weapon, most with a shield.
You are susceptible to poison.
You have a pair of large antennae on your head (SInv).
Your body is surrounded by an exoskeleton. (HP +5, AC +1)


   Skills:
 - Level 4.0 Fighting
 * Level 9.5 Axes
 + Level 1.2 Throwing
 - Level 6.9 Armour
 - Level 1.7 Dodging


You had 8 spell levels left.
You didn't know any spells.

Dungeon Overview and Level Annotations

Branches:
Dungeon (7/16)
 Temple: D:4-7          Orc: D:6-11

Altars:
Kikubaaqudgha
Trog
Vehumet

Inventory:

Hand weapons
 a - a +1,+0 hand axe (weapon)
 q - a +0 blowgun
   (You took it off a kobold on level 5 of the Dungeon)
Missiles
 r - 3 poisoned needles
Armour
 f - a +2 ring mail (worn)
   (You found it on level 1 of the Dungeon)
 l - a -1 elven cloak (worn)
   (You found it on level 2 of the Dungeon)
Magical devices
 s - a wand of lightning (1)
   (You found it on level 7 of the Dungeon)
Comestibles
 c - 3 bread rations
 n - 2 apples
Scrolls
 h - a scroll of remove curse
Jewellery
 d - an uncursed ring of sustain abilities
   (You found it on level 1 of the Dungeon)
 g - a +5 ring of strength (left hand)
   (You took it off a kobold on level 1 of the Dungeon)
 o - a +6 ring of strength (right hand)
   (You found it on level 4 of the Dungeon)
Potions
 b - 2 potions of curing
 e - a potion of degeneration {unknown}
 j - a potion of heal wounds {unknown}
 k - a potion of speed {unknown}

#.# #.. ####k###
#......# #
#..{...##.'
#######..{...#..#
+.@kk(#........#
#####(.......#
###......#
#......# #......#
#####.## #..# ###
###.## #.Z. #...#


You could see 2 killer bees.


Message History

Unknown command.
Unknown command.
Unknown command.
Throwing (i - inventory):
i - 7 javelins (quivered)
Aim: a killer bee (almost dead)
You throw a javelin. The javelin misses the killer bee.
The javelin misses the killer bee.
The killer bee misses you. The killer bee stings you!
* * * LOW HITPOINT WARNING * * *
Unknown command.
Unknown command.
Throwing (i - inventory):
i - 6 javelins (quivered)
Aim: a killer bee (severely wounded)
You throw a javelin. The javelin hits the killer bee.
The killer bee is severely wounded.
The killer bee closely misses you. The killer bee stings you.
* * * LOW HITPOINT WARNING * * *
Unknown command.
Unknown command.
Throwing (i - inventory):
i - 5 javelins (quivered)
Aim: a killer bee (severely wounded)
You throw a javelin. The javelin misses the killer bee.
The javelin hits the killer bee.
The killer bee is severely wounded.
The killer bee stings you!
* * * LOW HITPOINT WARNING * * *
The killer bee closely misses you.
Unknown command.
Unknown command.
Drink which item? (? for menu, Esc to quit)
You feel better. The killer bee stings you.
* * * LOW HITPOINT WARNING * * *
The killer bee barely misses you.
Unknown command.
Unknown command.
Throwing (i - inventory):
i - 4 javelins (quivered)
Aim: a killer bee (severely wounded)
You throw a javelin. The javelin misses the killer bee.
The javelin misses the killer bee.
The killer bee stings you but does no damage.
The killer bee stings you.
* * * LOW HITPOINT WARNING * * *
You are poisoned.
The killer bee poisons you!
Unknown command.
Throwing (i - inventory):
i - 3 javelins (quivered)
Aim: a killer bee (severely wounded)
You throw a javelin. The javelin misses the killer bee.
The javelin misses the killer bee.
* * * LOW HITPOINT WARNING * * *
You feel sick. The killer bee stings you.
* * * LOW HITPOINT WARNING * * *
The killer bee stings you but does no damage.
Unknown command.
Unknown command.
Throwing (i - inventory):
i - 2 javelins (quivered)
Aim: a killer bee (severely wounded)
You throw a javelin. The javelin misses the killer bee.
The javelin misses the killer bee.
The killer bee barely misses you. The killer bee stings you.
* * * LOW HITPOINT WARNING * * *
Unknown command.
Unknown command.
Drink which item? (? for menu, Esc to quit)
Okay, then.
Throwing (i - inventory):
i - a javelin (quivered)
Aim: a killer bee (severely wounded)
You throw a javelin. The javelin misses the killer bee.
The javelin misses the killer bee.
The killer bee stings you!
You die...

Action                   |  1- 3 |  4- 6 |  7- 9 || total
-------------------------+-------+-------+-------++-------
Melee: Hand axe          |   102 |   195 |   273 ||   570
Throw: Javelin           |       |       |    11 ||    11
Invok: Trog's Hand       |       |     3 |     6 ||     9
 Abil: Dig               |     7 |     6 |     5 ||    18
       Shaft Self        |       |     2 |       ||     2
Evoke: Wand              |       |       |     1 ||     1
  Use: Scroll            |       |     9 |     4 ||    13
       Potion            |       |       |     2 ||     2

Vault maps used:
D:1:      minmay_entry_hallway
D:2:      uniq_crazy_yiuf_cottage
D:3:      trog_eyes_of_draining, uniq_jessica
D:4:      gammafunk_temple_overflow_wave, first_bread, minmay_crossroads
D:5:      corner_web_ring, dk_noncrumbling_2

Notes
Turn   | Place    | Note
--------------------------------------------------------------
     0 | D:1      | Bloax, the Formicid Berserker, began the quest for the Orb.
     0 | D:1      | Reached XP level 1. HP: 19/19 MP: 0/0
   130 | D:1      | Reached XP level 2. HP: 18/24 MP: 1/1
   346 | D:2      | Reached XP level 3. HP: 22/29 MP: 2/2
   372 | D:2      | Acquired Trog's second power
   559 | D:2      | Reached skill level 4 in Axes
   559 | D:2      | Reached XP level 4. HP: 26/33 MP: 3/3
   881 | D:3      | HP: 6/33 [gnoll/runed flail (11)]
   894 | D:3      | You fall through a shaft!
   929 | D:3      | Found a bloodstained altar of Trog.
   934 | D:3      | HP: 8/33 [orc/orcish anti-magic spear (4)]
   947 | D:3      | Reached XP level 5. HP: 9/38 MP: 0/4
  1050 | D:4      | Reached skill level 4 in Fighting
  1053 | D:4      | HP: 4/38 [gnoll/halberd (10)]
  1087 | D:4      | Reached skill level 5 in Axes
  1202 | D:4      | Reached XP level 6. HP: 33/44 MP: 5/5
  1402 | D:4      | Reached skill level 3 in Armour
  1479 | D:5      | Entered Level 5 of the Dungeon
  1505 | D:4      | Found an ancient bone altar of Kikubaaqudgha.
  1505 | D:4      | Found a radiant altar of Vehumet.
  1657 | D:5      | Noticed an ice beast
  1657 | D:5      | Noticed an ice beast
  1713 | D:5      | You fall through a shaft!
  1722 | D:7      | Reached XP level 7. HP: 22/48 MP: 6/6
  1760 | D:7      | Noticed a hippogriff
  1773 | D:7      | Killed a hippogriff
  1773 | D:7      | Reached skill level 6 in Axes
  1773 | D:7      | Reached skill level 4 in Armour
  1965 | D:7      | Reached skill level 7 in Axes
  1965 | D:7      | Reached skill level 5 in Armour
  1965 | D:7      | Reached XP level 8. HP: 34/53 MP: 7/7
  2015 | D:7      | Reached skill level 8 in Axes
  2021 | D:7      | HP: 11/53 [big kobold/club (4)]
  2032 | D:7      | Reached skill level 6 in Armour
  2045 | D:7      | Reached XP level 9. HP: 19/57 MP: 8/8
  2086 | D:7      | Reached skill level 9 in Axes
  2219 | D:7      | Acquired Trog's third power
  2339 | D:7      | Reached skill level 1 in Throwing
  2374 | D:7      | HP: 13/57 [poisoned by a killer bee]
  2378 | D:7      | HP: 3/57 [killer bee (7)]
  2383 | D:7      | Slain by a killer bee

Vanquished Creatures
  A hippogriff (D:7)
  14 big kobolds (D:7)
  A manticore skeleton (D:7)
  A killer bee (D:7)
  An eye of draining (D:3)
  A crimson imp (D:7)
  An orc priest (D:7)
  2 jellies (D:7)
  A giant frog skeleton (D:7)
  2 hounds
  A worker ant (D:4)
  An iguana (D:4)
  An orc wizard (D:7)
  5 adders
  3 gnolls (D:4)
  A giant mite (D:2)
  A worm (D:4)
  4 giant geckos
  7 orcs
  A giant cockroach (D:1)
  8 goblins
  6 hobgoblins
  6 jackals
  4 quokkas
  3 ball pythons
  9 bats
  A giant gecko skeleton (D:4)
  18 kobolds
  An orc zombie (D:7)
  4 rats
110 creatures vanquished.
